 Dungeon Crawl Stone Soup version 0.22-a0-412-g2b68d144a4 (webtiles) character file.

140040 Kriby the Brawler (level 16, -6/178 HPs)
             Began as a Troll Monk on May 12, 2018.
             Hit by a javelin of penetration thrown by a merfolk javelineer (17 damage)
             ... on level 4 of the Shoals.
             The game lasted 00:41:07 (28394 turns).

Kriby the Brawler (Troll Monk)                     Turns: 28394, Time: 00:41:08

Health: -6/178     AC: 13    Str: 28    XL:     16   Next: 75%
Magic:  15/15      EV: 17    Int:  6    God:
Gold:   120        SH: 22    Dex: 16    Spells: 15/15 levels left

rFire    . . .     SeeInvis .     - Unarmed
rCold    + + .     Gourm    +   A - +1 large shield {rC+}
rNeg     . . .     Faith    .   N - +0 troll leather armour
rPois    .         Spirit   .   I - +0 hat
rElec    .         Reflect  .   K - +1 cloak {rC+}
rCorr    .         Harm     .   (gloves unavailable)
MR       +....                  (boots unavailable)
Stlth    ++........             W - amulet of Vitality {Regen+ HP+15}
HPRegen  1.59/turn              y - +4 ring of protection
MPRegen  0.14/turn              l - +4 ring of dexterity

@: no status effects
A: large, unfitting armour, claws 3, fast metabolism 3, gourmand, regeneration
1, shaggy fur 1, tough skin 2
a: no special abilities


You were on level 4 of the Shoals.
You were very full.

You visited 6 branches of the dungeon, and saw 29 of its levels.
You also visited: Ice Cave.

You collected 2582 gold pieces.
You spent 2462 gold pieces at shops.

Inventory:

Hand Weapons
 T - a +3 lajatang of distortion
Armour
 a - a scarf of resistance
 v - +0 steam dragon scales
 A - a +1 large shield of cold resistance (worn)
 I - a +0 hat (worn)
 K - a +1 cloak of cold resistance (worn)
 N - a +0 troll leather armour (worn)
Jewellery
 l - a +4 ring of dexterity (right claw)
 r - an uncursed ring of see invisible
 y - a +4 ring of protection (left claw)
 M - the ring of Symmetry {Wiz rF- Dex+3 SInv}
   (You found it on level 1 of the Lair of Beasts)

   [ring of wizardry]

   It improves your spell success rate.
   It affects your dexterity (+3).
   It makes you vulnerable to fire.
   It lets you see invisible.
 O - an uncursed ring of magical power
 W - the amulet of Vitality (around neck) {Regen+ HP+15}
   (You bought it in a shop on level 2 of the Orcish Mines)

   [amulet of regeneration]

   It affects your health (+15).
   It increases your rate of regeneration.
Wands
 t - a wand of disintegration (9)
 u - a wand of random effects (45)
 w - a wand of flame (64)
 P - a wand of enslavement (7)
Scrolls
 c - 5 scrolls of teleportation
 d - 3 scrolls of magic mapping
 g - 2 scrolls of fog
 h - 7 scrolls of remove curse
 p - 2 scrolls of immolation
 q - 14 scrolls of identify
 H - a scroll of amnesia
 J - 5 scrolls of enchant weapon
 S - a scroll of silence
Potions
 e - a potion of mutation
 f - a potion of berserk rage
 i - 4 potions of ambrosia {unknown}
 j - 11 potions of curing
 k - 5 potions of lignification {unknown}
 n - 4 potions of haste {unknown}
 x - 2 potions of cancellation {unknown}
 z - 2 potions of agility
 C - 5 potions of flight
 D - a potion of invisibility {unknown}
 E - 2 potions of resistance
 G - 2 potions of brilliance {unknown}
 R - 6 potions of might
Miscellaneous
 o - a box of beasts
 V - a fan of gales
Comestibles
 b - 59 rations
 m - 4 chunks of flesh


   Skills:
 + Level 11.4 Fighting
 + Level 11.4 Dodging
 - Level 1.0 Stealth
 * Level 13.6 Shields
 * Level 17.8 Unarmed Combat


You had 15 spell levels left.
You didn't know any spells.
Your spell library contained the following spells:

 Spells                   Type           Power        Failure   Level  Hunger
 Magic Dart               Conj           #...         58%         1    ##.....
 Apportation              Tloc           #.....       58%         1    ##.....
 Bolt of Magma            Conj/Fire/Erth #.........   100%        5    ######.
 Confuse                  Hex            #.......     92%         3    ####...
 Mephitic Cloud           Conj/Pois/Air  #.......     92%         3    ####...
 Venom Bolt               Conj/Pois      #.........   100%        5    ######.
 Summon Small Mammal      Summ           #...         58%         1    ##.....
 Iskenderun's Mystic Bla  Conj           #.......     100%        4    #####..
 Animate Dead             Necr           N/A          100%        4    #####..
 Pain                     Necr           #...         58%         1    ##.....
 Animate Skeleton         Necr           N/A          58%         1    ##.....
 Vampiric Draining        Necr           #.........   92%         3    ####...
 Regeneration             Chrm/Necr      #.........   92%         3    ####...
 Sublimation of Blood     Necr           #.........   75%         2    ###....
 Iron Shot                Conj/Erth      #.........   100%        6    #######
 Deflect Missiles         Chrm/Air       #.........   100%        6    #######
 Confusing Touch          Hex            #.....       58%         1    ##.....
 Ignite Poison            Fire/Tmut/Pois #.......     92%         3    ####...
 Metabolic Englaciation   Hex/Ice        #.........   100%        5    ######.
 Silence                  Hex/Air        #.........   100%        5    ######.
 Alistair's Intoxication  Tmut/Pois      #.......     100%        5    ######.
 Conjure Ball Lightning   Conj/Air       #.........   100%        6    #######
 Petrify                  Tmut/Erth      #.......     100%        4    #####..
 Orb of Destruction       Conj           #.........   100%        7    #######
 Tornado                  Air            #.........   100%        9    #######
 Shroud of Golubria       Chrm/Tloc      #.........   75%         2    ###....
 Iskenderun's Battlesphe  Conj/Chrm      #.......     100%        5    ######.
 Fulminant Prism          Conj/Hex       #.........   100%        4    #####..
 Dazzling Spray           Conj/Hex       #.....       92%         3    ####...
 Force Lance              Conj/Tloc      #.......     100%        4    #####..
 Infusion                 Chrm           #...         58%         1    ##.....
 Song of Slaying          Chrm           #.......     75%         2    ###....
 Spectral Weapon          Hex/Chrm       #.......     92%         3    ####...
 Searing Ray              Conj           #.....       75%         2    ###....
 Summon Lightning Spire   Summ/Air       #.......     100%        4    #####..
 Spellforged Servitor     Conj/Summ      #.........   100%        7    #######
 Irradiate                Conj/Tmut      #.........   100%        5    ######.
 Gell's Gravitas          Tloc           #.........   92%         3    ####...
 Yara's Violent Unravell  Hex/Tmut       #.........   100%        5    ######.


Dungeon Overview and Level Annotations

Branches:
Dungeon (15/15)            Temple (1/1) D:7            Lair (6/6) D:11
 Shoals (4/4) Lair:4       Spider (0/4) Lair:4        Slime (1/5) Lair:5
    Orc (2/2) D:10            Elf (0/3) Orc:2        Vaults (0/5) D:14
 Depths (0/5) D:15

Altars:
Ashenzari
Cheibriados
Dithmenos
Elyvilon
Fedhas
Gozag
Hepliaklqana
Kikubaaqudgha
Makhleb
Nemelex Xobeh
Okawaru
Qazlal
Ru
Sif Muna
Trog
Uskayaw
Vehumet
Wu Jian
Xom
Yredelemnul
Zin
The Shining One
Beogh

Shops:
D:6 :   D:8 %   D:11 :   D:12 :   Orc:2 [*=[?   Shoals:1 %   Shoals:3 ![?[

Annotations:
D:10 1 transporter
Shoals:4 Ilsuiw


Innate Abilities, Weirdness & Mutations

You are too large for most types of armour.
You have claws for hands.
Your metabolism is lightning-fast.
You like to eat raw meat.
Your natural rate of healing is unusually fast.
You are covered in fur. (AC +1)
You have very tough skin. (AC +2)


Message History

The merfolk javelineer throws a javelin.
You block the javelin.
You hear a splash.
You claw the merfolk siren!
You break out of your daze!
You kill the merfolk siren!
You hear a splash.
Your surroundings suddenly seem different.
Splash!
Ilsuiw shouts!
The merfolk shouts!
The merfolk avatar shouts!
A merfolk javelineer comes into view. It is wielding a spear of venom.
The merfolk javelineer throws a javelin of penetration.
The javelin of penetration pierces through you.
* * * LOW HITPOINT WARNING * * *
The javelin of penetration pierces through the merfolk avatar!!
The javelin of penetration pierces through the plant.
There is a stone staircase leading up here.
You see here a throwing net.
The merfolk javelineer throws a javelin of penetration.
The javelin of penetration pierces through you!
You die...

≈≈≈≈≈...........§E.§(≈≈.≈≈≈≈
≈≈≈≈≈P...P.....E§§..≈§....≈≈
≈≈≈≈≈≈≈.P.P..≈.....§(...#.≈≈
≈≈≈≈≈≈...P..≈≈...mm..≈≈..≈≈≈≈
≈≈≈≈≈≈..P...m≈.m.........≈≈≈≈#
≈≈≈≈≈≈≈≈PP≈≈≈≈≈≈P###.....≈≈≈≈#
≈≈≈≈≈P≈PP≈P≈≈≈≈m####..≈≈≈≈≈≈≈##
≈≈≈≈≈≈≈≈≈≈≈≈P≈≈≈.))....≈.≈≈≈≈≈#
≈≈≈≈≈≈≈≈≈≈≈≈≈P≈.@))(()...≈≈≈≈≈≈
≈≈≈≈≈≈≈≈≈≈≈P≈≈...m(......≈≈≈≈≈.
≈≈≈≈≈≈≈≈≈≈≈≈≈#####))....≈≈≈≈≈≈.
≈≈≈≈##...##)..m.≈≈≈≈≈≈.
≈≈≈≈#.....#.....≈≈≈≈≈≈≈ ≈≈≈
#..|..'≈.)..≈≈≈≈≈≈≈ ≈≈
#.....#≈≈...≈≈≈≈≈≈≈
##...##≈≈...≈≈≈≈≈≈≈
#####≈≈≈≈≈≈≈≈≈≈≈≈≈


You could see Ilsuiw, a merfolk avatar, a merfolk javelineer, a merfolk
aquamancer, a merfolk and a water elemental (wandering).

Vanquished Creatures
  Agnes (D:15)
  2 frost giants
  Snorg (D:12)
  A fire dragon (D:15)
  A merfolk javelineer (Shoals:3)
  9 merfolk impalers
  Harold (Orc:1)
  Erolcha (D:9)
  5 vault guards (D:14)
  5 hydras
  An alligator snapping turtle (Shoals:1)
  5 merfolk aquamancers
  2 centaur warriors (D:15)
  A merfolk avatar (Shoals:1)
  A death knight (D:12)
  2 ogre magi
  9 two-headed ogres
  2 satyrs (Shoals:3)
  A tengu warrior (D:15)
  5 death yaks (Lair:6)
  4 orc high priests (Orc:2)
  9 sea snakes
  A wizard (D:14)
  An unseen horror (D:11)
  3 skeletal warriors (D:11)
  An orc knight (Orc:1)
  5 harpies
  12 fauns
  2 orc sorcerers (Orc:2)
  An oklob plant (Lair:5)
  4 cyclopes
  A deep elf mage (D:12)
  2 ugly things
  7 manticores
  2 black mambas
  An ice statue (IceCv)
  8 merfolk sirens
  15 elephants
  25 spiny frogs
  Psyche (D:9)
  A water nymph (Shoals:4)
  7 komodo dragons
  4 gargoyles
  2 efreet (D:14)
  2 centaur skeletons
  2 yaktaurs
  3 kobold demonologists
  2 freezing wraiths (D:12)
  2 rime drakes
  4 red devils (D:14)
  A queen bee (Lair:2)
  5 trolls
  17 polar bears
  6 meliai
  4 tyrant leeches (Lair:6)
  3 wind drakes (Shoals:1)
  26 merfolk
  Grinder (D:6)
  A hornet (D:12)
  11 blink frogs
  A snapping turtle (Shoals:2)
  A meliai zombie (D:14)
  11 hippogriffs
  24 dream sheep
  A slime creature (Lair:5)
  13 water elementals
  2 vampires
  2 shadows
  40 yaks
  Sigmund (D:4)
  3 wraiths
  A steam dragon (D:8)
  3 hungry ghosts
  6 basilisks
  14 vampire mosquitoes
  A warg (Orc:2)
  An acid dragon (D:14)
  9 water moccasins
  Duvessa (D:5)
  24 orc warriors
  6 porcupines
  11 ice beasts
  3 sky beasts
  A phantom (D:13)
  A black bear (D:10)
  14 centaurs
  21 wolves
  12 ogres
  9 crocodiles
  Blork the orc (D:5)
  6 big kobolds
  26 bullfrogs
  Dowan (D:5)
  A wyvern zombie (D:15)
  3 scorpions
  A wyvern skeleton (D:14)
  42 killer bees
  21 wights
  7 howler monkeys
  4 electric eels
  3 bullfrog zombies
  7 crimson imps
  3 bullfrog skeletons
  2 quasits
  2 centaur zombies
  7 jellies
  30 orc priests
  9 hounds
  Jessica (D:3)
  A gnoll shaman (D:7)
  Ijyb (D:5)
  2 iguanas
  30 orc wizards
  15 worker ants
  5 hell rats
  2 hound skeletons
  A worker ant zombie (D:10)
  21 gnolls
  10 adders
  9 river rats
  2 shadow imps
  2 adder skeletons (D:6)
  8 worms
  A dart slug (D:1)
  12 leopard geckos
  59 orcs
  4 ball pythons
  5 giant cockroaches
  5 goblins
  6 hobgoblins
  12 jackals
  14 kobolds
  3 quokkas
  7 bats
  5 frilled lizards
  A jackal skeleton (D:7)
  A jackal zombie (D:5)
  A quokka skeleton (D:7)
  18 rats
  8 plants
950 creatures vanquished.

Vanquished Creatures (collateral kills)
  A merfolk (Shoals:4)
  An orc wizard (Orc:1)
2 creatures vanquished.

Vanquished Creatures (others)
  A merfolk (Shoals:4)
  An orc priest (Orc:1)
  An orc wizard (Orc:2)
  A kobold (D:14)
  9 fungi
  53 plants
66 creatures vanquished.

Grand Total: 1018 creatures vanquished

Notes
Turn   | Place    | Note
-------+----------+-------------------------------------------
     0 | D:1      | Kriby the Troll Monk began the quest for the Orb.
     0 | D:1      | Reached XP level 1. HP: 22/22 MP: 0/0
    45 | D:1      | Reached XP level 2. HP: 29/29 MP: 1/1
   292 | D:1      | Reached XP level 3. HP: 36/36 MP: 2/2
   376 | D:1      | Found a sparkling altar of Nemelex Xobeh.
  1212 | D:2      | Found a faded altar of an unknown god.
  1353 | D:2      | Reached skill level 4 in Unarmed Combat
  1410 | D:2      | Reached XP level 4. HP: 40/44 MP: 3/3
  1475 | D:2      | Found a shadowy altar of Dithmenos.
  1654 | D:2      | Found a deep blue altar of Sif Muna.
  1913 | D:3      | Noticed Jessica
  1915 | D:3      | Killed Jessica
  2008 | D:3      | Reached XP level 5. HP: 46/53 MP: 4/4
  2325 | D:3      | Reached skill level 5 in Unarmed Combat
  2503 | D:4      | Found a shimmering altar of Xom.
  2512 | D:4      | Reached XP level 6. HP: 60/61 MP: 5/5
  2949 | D:4      | Noticed Sigmund
  2955 | D:4      | Killed Sigmund
  2955 | D:4      | Reached skill level 6 in Unarmed Combat
  2955 | D:4      | Reached XP level 7. HP: 68/68 MP: 6/6
  3688 | D:5      | Entered Level 5 of the Dungeon
  3717 | D:5      | Noticed Blork the orc
  3728 | D:5      | Killed Blork the orc
  3743 | D:5      | Noticed Duvessa
  3745 | D:5      | Noticed Dowan
  3748 | D:5      | Killed Duvessa
  3748 | D:5      | Reached skill level 7 in Unarmed Combat
  3758 | D:5      | Killed Dowan
  3816 | D:5      | Reached XP level 8. HP: 79/79 MP: 7/7
  3881 | D:5      | Noticed Ijyb
  3887 | D:5      | Killed Ijyb
  3941 | D:5      | Found a sparkling altar of Nemelex Xobeh.
  4301 | D:5      | Identified the Volume of Enhancements and Poisoning
  4664 | D:6      | Found Soympaw's Book Emporium.
  4725 | D:6      | Reached skill level 5 in Dodging
  4725 | D:6      | Reached skill level 8 in Unarmed Combat
  4727 | D:6      | Reached skill level 5 in Fighting
  4837 | D:6      | Noticed Grinder
  4862 | D:6      | Killed Grinder
  4975 | D:6      | Found an iron altar of Okawaru.
  5318 | D:7      | Reached XP level 9. HP: 88/88 MP: 8/8
  5342 | D:7      | Reached skill level 9 in Unarmed Combat
  5659 | D:7      | Found a staircase to the Ecumenical Temple.
  6026 | Temple   | Entered the Ecumenical Temple
  6419 | D:8      | Reached skill level 1 in Shields
  6419 | D:8      | Reached skill level 10 in Unarmed Combat
  6472 | D:8      | Noticed a two-headed ogre
  6479 | D:8      | Killed a two-headed ogre
  6479 | D:8      | Reached XP level 10. HP: 86/100 MP: 7/9
  6566 | D:8      | Found a stormy altar of Qazlal.
  6845 | D:8      | Found Sigyud's Food Shop.
  6957 | D:9      | Found a glowing silver altar of Zin.
  7109 | D:9      | Found a radiant altar of Vehumet.
  7237 | D:9      | Noticed Psyche
  7244 | D:9      | Killed Psyche
  7456 | D:9      | Noticed a gargoyle
  7463 | D:9      | Killed a gargoyle
  7463 | D:9      | Reached skill level 11 in Unarmed Combat
  7681 | D:9      | Noticed Erolcha
  7691 | D:9      | Killed Erolcha
  8213 | D:10     | Entered Level 10 of the Dungeon
  8218 | D:10     | Found a transporter.
  8269 | D:10     | Noticed a two-headed ogre
  8275 | D:10     | Killed a two-headed ogre
  8275 | D:10     | Reached skill level 5 in Shields
  8352 | D:10     | Noticed a two-headed ogre
  8367 | D:10     | Killed a two-headed ogre
  8367 | D:10     | Reached XP level 11. HP: 79/109 MP: 7/10
  8556 | D:10     | Noticed a cyan ugly thing
  8565 | D:10     | Killed a cyan ugly thing
  8854 | D:10     | Found a staircase to the Orcish Mines.
  9017 | D:11     | Found Ecacycos's Book Shop.
  9041 | D:11     | Found a staircase to the Lair.
  9167 | D:11     | Noticed a red ugly thing
  9173 | D:11     | Killed a red ugly thing
  9235 | D:11     | Noticed a two-headed ogre
  9239 | D:11     | Killed a two-headed ogre
  9239 | D:11     | Reached skill level 12 in Unarmed Combat
  9431 | D:11     | Noticed a two-headed ogre
  9437 | D:11     | Killed a two-headed ogre
  9516 | D:11     | Noticed a skeletal warrior
  9517 | D:11     | Noticed a skeletal warrior
  9521 | D:11     | Noticed a skeletal warrior
  9530 | D:11     | Killed a skeletal warrior
  9540 | D:11     | Killed a skeletal warrior
  9551 | D:11     | Killed a skeletal warrior
  9656 | D:11     | Noticed an unseen horror
  9663 | D:11     | Killed an unseen horror
  9783 | Lair:1   | Entered Level 1 of the Lair of Beasts
 10045 | Lair:1   | Got a clouded marble ring
 10460 | Lair:1   | Reached XP level 12. HP: 99/119 MP: 9/11
 11012 | Lair:2   | Reached skill level 13 in Unarmed Combat
 11337 | Lair:2   | Noticed an eight-headed hydra
 11362 | Lair:2   | Killed an 11-headed hydra
 12099 | Lair:2   | Identified the ring of Symmetry {Wiz rF- Dex+3 SInv} (You found it on level 1 of the Lair of Beasts)
 12152 | Lair:3   | Noticed an eight-headed hydra
 12946 | Lair:4   | Found a staircase to the Shoals.
 13061 | Lair:4   | Found a hole to the Spider Nest.
 13113 | Lair:4   | Reached XP level 13. HP: 127/128 MP: 12/12
 13577 | Lair:4   | Reached skill level 14 in Unarmed Combat
 14225 | Lair:5   | Found a staircase to the Slime Pits.
 14668 | Slime:1  | Entered Level 1 of the Pits of Slime
 14668 | Slime:1  | Noticed an acid blob
 14668 | Slime:1  | Noticed an acid blob
 15360 | D:12     | Found a frozen archway.
 15419 | IceCv    | Entered an ice cave
 15460 | IceCv    | Reached skill level 10 in Shields
 16214 | IceCv    | Noticed a frost giant
 16227 | IceCv    | Killed a frost giant
 16756 | D:12     | Reached XP level 14. HP: 140/140 MP: 13/13
 17008 | D:12     | Reached skill level 15 in Unarmed Combat
 17431 | D:12     | Found Quozid's Book Emporium.
 17537 | D:12     | Noticed Snorg
 17549 | D:12     | Killed Snorg
 19450 | D:14     | Found a gate to the Vaults.
 19459 | D:14     | Reached skill level 10 in Dodging
 19551 | D:14     | Reached skill level 10 in Fighting
 19693 | D:15     | Entered Level 15 of the Dungeon
 19731 | D:15     | Noticed Agnes
 19744 | D:15     | Killed Agnes
 20062 | D:15     | HP: 7/143 [meliai/divine providence (15)]
 20062 | D:15     | HP: 3/143 [meliai/hand axe (4)]
 20870 | D:15     | Found a staircase to the Depths.
 20870 | D:15     | Noticed a frost giant
 20883 | D:15     | Killed a frost giant
 20883 | D:15     | Reached skill level 16 in Unarmed Combat
 20883 | D:15     | Reached XP level 15. HP: 39/149 MP: 14/14
 21415 | Orc:1    | Entered Level 1 of the Orcish Mines
 21772 | Orc:1    | Noticed Harold
 21784 | Orc:1    | Killed Harold
 21799 | Orc:1    | Found a roughly hewn altar of Beogh.
 22117 | Orc:2    | Entered Level 2 of the Orcish Mines
 22117 | Orc:2    | Found a staircase to the Elven Halls.
 22173 | Orc:2    | Found a radiant altar of Vehumet.
 22174 | Orc:2    | Found Lobruy's Magic Scroll Emporium.
 22238 | Orc:2    | Bought a scroll of teleportation for 42 gold pieces
 22238 | Orc:2    | Bought a scroll of teleportation for 42 gold pieces
 22238 | Orc:2    | Bought a scroll of teleportation for 42 gold pieces
 22238 | Orc:2    | Bought a scroll of teleportation for 42 gold pieces
 22623 | Orc:2    | Found Ugur's General Store.
 22623 | Orc:2    | Found Raar's Antique Armour Boutique.
 22626 | Orc:2    | Found Zifiuritt's Jewellery Boutique.
 22629 | Orc:2    | Found Metick's Armour Shop.
 22641 | Orc:2    | Bought a potion of heal wounds for 90 gold pieces
 22643 | Orc:2    | Bought the amulet of Vitality {Regen+ HP+15} for 1106 gold pieces
 22643 | Orc:2    | Found the amulet of Vitality {Regen+ HP+15}
 23173 | Lair:6   | Entered Level 6 of the Lair of Beasts
 24646 | Shoals:1 | Entered Level 1 of the Shoals
 24920 | Shoals:1 | Reached skill level 17 in Unarmed Combat
 25132 | Shoals:1 | Reached XP level 16. HP: 116/161 MP: 15/15
 25234 | Shoals:1 | Found Avvituric's Food Emporium.
 26930 | Shoals:3 | Found Qeduch's Distillery.
 26976 | Shoals:3 | Bought a potion of mutation for 160 gold pieces
 26976 | Shoals:3 | Bought a potion of heal wounds for 100 gold pieces
 26976 | Shoals:3 | Bought a potion of heal wounds for 100 gold pieces
 26976 | Shoals:3 | Bought a potion of agility for 80 gold pieces
 26976 | Shoals:3 | Bought a potion of berserk rage for 100 gold pieces
 26976 | Shoals:3 | Bought a potion of heal wounds for 100 gold pieces
 26976 | Shoals:3 | Bought a potion of flight for 60 gold pieces
 26976 | Shoals:3 | Bought a potion of might for 80 gold pieces
 26976 | Shoals:3 | Bought a potion of curing for 60 gold pieces
 26976 | Shoals:3 | Bought a potion of curing for 60 gold pieces
 27134 | Shoals:3 | Found Dim Bore's Antique Armour Boutique.
 27484 | Shoals:3 | Found Plog's Antique Armour Shoppe.
 27492 | Shoals:3 | Found Lapsul's Magic Scroll Shop.
 27500 | Shoals:3 | Bought a scroll of fog for 36 gold pieces
 27500 | Shoals:3 | Bought a scroll of teleportation for 54 gold pieces
 27500 | Shoals:3 | Bought a scroll of teleportation for 54 gold pieces
 27500 | Shoals:3 | Bought a scroll of teleportation for 54 gold pieces
 27614 | Shoals:4 | Entered Level 4 of the Shoals
 27718 | Shoals:3 | HP: 3/177 [merfolk impaler/trident of distortion (14)]
 27720 | Shoals:3 | HP: 1/177 [merfolk impaler/trident of distortion (6)]
 28366 | Shoals:4 | Noticed Ilsuiw
 28394 | Shoals:4 | Hit by a javelin of penetration thrown by a merfolk javelineer

Vault maps used:
D:1:      minmay_arrival_doors, nemelex_diamond_rough_becter
D:2:      lemuel_coloured_pillars_altar,
          nicolae_dithmenos_through_a_glass_darkly,
          chequers_ecumenical_altar_lobes
D:3:      uniq_jessica
D:4:      xom_butterflies, first_ration, minmay_misc_feat_cross, uniq_sigmund
D:5:      nicolae_overflow_crystal_walls, uniq_blork_the_orc, uniq_duvessa,
          uniq_ijyb
D:6:      kennysheep_okawaru_gauntlet, serial_shops,
          nicolae_shop_temple_entry_statues_fountains, uniq_grinder
D:7:      minmay_temple_entry_statues_pillars
D:8:      old_standard_altar, serial_shops, nicolae_shop_behind_doors
D:9:      minitemple, uniq_psyche, uniq_erolcha
D:10:     gammafunk_the_bubble
D:11:     lair_entry_dummy, serial_shops, shop, hangedman_abyss_or_decor_stagger
D:12:     serial_shops, kennysheep_mini, portal_ice_cave_entry_ice_beasts,
          enter_bailey_2, uniq_snorg
D:13:     blue_anna_alchemist
D:14:     grunt_vaults_entry_fortified, hangedman_abyss_or_decor_lesser_grid,
          minivault_5, einodemon_armed_red_devil_minivault
D:15:     grunt_enter_depths_snipers, minmay_misc_feat_hallway, uniq_agnes
Temple:   jpeg_temple_clearing
Lair:1:   serial_forest, infiniplex_forest_zigzag_1,
          infiniplex_forest_lined_room_2, infiniplex_forest_end_3,
          infiniplex_forest_clump_small, infiniplex_forest_side_room,
          infiniplex_forest_fountain, infiniplex_forest_lined_room_3,
          infiniplex_forest_corner_1, infiniplex_forest_lined_3,
          kennysheep_abandoned_house
Lair:2:   grunt_megastairs_3
Lair:4:   minmay_shoals_entry_centaurs, spider_nest_entry_web_field
Lair:5:   minmay_slime_entry_pillars, grunt_megastairs_5
Lair:6:   minmay_lair_end_frog_pond, kennysheep_rathole,
          infiniplex_staircase_pool
Shoals:1: nicolae_shoals_c_island
Shoals:3: serial_shops, shop, nicolae_shop_window_shopping,
          nicolae_shop_competitors_out_of_business,
          nicolae_shop_overgrown_old_shop
Shoals:4: shoals_end_simple, shoal_ilsuiw, nicolae_shoals_dead_sea_scrolls,
          uniq_polyphemus
Orc:1:    mines1_david, uniq_harold
Orc:2:    st_orc_mages, serial_shops, shop, basic_altar
IceCv:    ice_cave_small_giant

Skill      XL: |  1  2  3  4  5  6  7  8  9 10 11 12 13 14 15 16 |
---------------+-------------------------------------------------+-----
Unarmed Combat | 4 5 6 7 8 10 11 12 13 14 16 17 | 17.8
Fighting       | 3 4 5 6 7 8 9 10 11 | 11.4
Dodging        | 3 4 5 6 7 8 9 10 11 | 11.4
Shields        | 2 5 7 8 10 11 12 13 | 13.6
Stealth        | |  1.0

Action                   |  1- 3 |  4- 6 |  7- 9 | 10-12 | 13-15 | 16-18 || total
-------------------------+-------+-------+-------+-------+-------+-------++-------
Melee: Unarmed           |    98 |   128 |   248 |   758 |  1560 |   419 ||  3211
       Punch             |     1 |     1 |     7 |       |       |       ||     9
Evoke: Wand              |       |     3 |     8 |     6 |    92 |    61 ||   170
       Fan of gales      |       |       |       |       |     2 |       ||     2
  Use: Potion            |       |       |     2 |       |     8 |     5 ||    15
       Scroll            |       |       |       |     9 |    22 |    11 ||    42
 Stab: Distracted        |     1 |       |       |     1 |     2 |       ||     4
       Sleeping          |     4 |     4 |     6 |     7 |     4 |       ||    25
       Paralysed         |       |       |       |     3 |    11 |       ||    14
  Eat: Chunk             |    18 |    15 |    33 |    67 |   110 |    32 ||   275
Armor: Robe              |    29 |    40 |    55 |       |       |       ||   124
       Steam dragon scal |       |       |       |   108 |   188 |       ||   296
       Troll leather arm |       |       |       |       |    96 |    60 ||   156
Dodge: Dodged            |    55 |    87 |   123 |   175 |   475 |   185 ||  1100
Block: Large shield      |       |       |    18 |   636 |  1507 |   533 ||  2694

Table legend:
 A = Spawn XP
 B = Non-spawn XP
 C = Spawn XP percentage of total XP
 D = Spawn monster count
 E = Non-spawn monster count
 F = Spawn count percentage of total count
 G = Total turns spent on level
                    A         B        C        D         E        F      G
               +---------+---------+-------+---------+---------+-------+---------
         Total |       0 |  200058 |   0.0 |       0 |     946 |   0.0 | 28394
               +---------+---------+-------+---------+---------+-------+---------
           D:1 |       0 |      48 |   0.0 |       0 |      30 |   0.0 |  1007
           D:2 |       0 |      56 |   0.0 |       0 |      17 |   0.0 |   823
           D:3 |       0 |     271 |   0.0 |       0 |      32 |   0.0 |   671
           D:4 |       0 |     674 |   0.0 |       0 |      28 |   0.0 |  1187
           D:5 |       0 |     850 |   0.0 |       0 |      28 |   0.0 |   946
           D:6 |       0 |     828 |   0.0 |       0 |      13 |   0.0 |   654
           D:7 |       0 |    1072 |   0.0 |       0 |      22 |   0.0 |   888
           D:8 |       0 |    2771 |   0.0 |       0 |      25 |   0.0 |   638
           D:9 |       0 |    3058 |   0.0 |       0 |      31 |   0.0 |  1291
          D:10 |       0 |    3517 |   0.0 |       0 |      24 |   0.0 |  1086
          D:11 |       0 |    6636 |   0.0 |       0 |      33 |   0.0 |   911
          D:12 |       0 |    9485 |   0.0 |       0 |      53 |   0.0 |  1256
          D:13 |       0 |    2871 |   0.0 |       0 |      26 |   0.0 |   648
          D:14 |       0 |   15685 |   0.0 |       0 |      50 |   0.0 |  1471
          D:15 |       0 |   15327 |   0.0 |       0 |      33 |   0.0 |  1417
        Lair:1 |       0 |    2821 |   0.0 |       0 |      26 |   0.0 |  1165
        Lair:2 |       0 |    9096 |   0.0 |       0 |      50 |   0.0 |  1456
        Lair:3 |       0 |    5834 |   0.0 |       0 |      28 |   0.0 |   656
        Lair:4 |       0 |    5010 |   0.0 |       0 |      23 |   0.0 |  1108
        Lair:5 |       0 |   10251 |   0.0 |       0 |      31 |   0.0 |  1358
        Lair:6 |       0 |   23083 |   0.0 |       0 |      89 |   0.0 |  1328
      Shoals:1 |       0 |   20458 |   0.0 |       0 |      42 |   0.0 |  1104
      Shoals:2 |       0 |    8890 |   0.0 |       0 |      16 |   0.0 |   921
      Shoals:3 |       0 |   19111 |   0.0 |       0 |      41 |   0.0 |  1245
      Shoals:4 |       0 |   11294 |   0.0 |       0 |      23 |   0.0 |   430
         Orc:1 |       0 |    2739 |   0.0 |       0 |      21 |   0.0 |   426
         Orc:2 |       0 |    8295 |   0.0 |       0 |      75 |   0.0 |   901
         IceCv |       0 |   10027 |   0.0 |       0 |      36 |   0.0 |  1292
               +---------+---------+-------+---------+---------+-------+---------
